AoeStats
← Booger Flicker X

Four Lakes

503497249Analyzed
4v4 RM · 1mo ago on Aug 31, 2026· 48m 47s· 8 players
Game mode
Random Map
Map size
Large (8 player)
Population
200
Speed
Normal
Resources
Standard
Victory
Conquest
Starting age
Dark Age
Ending age
Imperial Age
RankedLock teamsTeams togetherTeam positionsShared explorationLock speedFull tech treeHidden civsTurbo modeCheats
Victory
Defeat
🇧🇴 Huns · Bolivia
529
+20
🇺🇸 Khmer · United States
501
+21
🇺🇸 Japanese · United States
460
+23
🇺🇸 Burgundians · United States
376
+26
🇨🇱 Berbers · Chile
642
-23
🇵🇪 Huns · Peru
615
-22
🇺🇸 Burgundians · United States
609
-22
🇨🇴 Britons · Colombia
592
-22
Booger Flicker X
9:20 Feudal Age
9:47 Double-Bit Axe
10:41 Town Watch
12:27 Fishing Lines
14:56 Loom
15:49 Wheelbarrow
18:18 Castle Age
18:25 Wheelbarrow
17:31 Horse Collar
17:41 Stone Mining
19:08 Gillnets
19:33 Bow Saw
20:57 Hand Cart
20:36 Gold Mining
22:02 Fletching
24:47 Gold Shaft Mining
24:00 Town Watch
24:18 Bodkin Arrow
24:34 Forging
24:25 Scale Mail Armor
28:31 Imperial Age
26:17 Heavy Plow
27:04 Forging
26:55 Scale Mail Armor
28:43 Iron Casting
28:24 Chain Mail Armor
28:48 Murder Holes
29:45 Plate Mail Armor
29:16 Bracer
30:19 Chemistry
29:42 Conscription
30:39 Blast Furnace
29:46 Treadmill Crane
30:28 Ballistics
29:52 Treadmill Crane
30:34 Ballistics
30:40 Squires
30:25 Arson
32:11 Padded Archer Armor
33:14 Masonry
33:15 Careening
39:24 Leather Archer Armor
39:02 Guard Tower
38:57 Arrowslits
40:05 Hoardings
39:35 Yasama
39:55 Kataparuto
40:55 Elite Samurai
42:17 Ring Archer Armor
41:52 Scale Barding Armor
42:25 Keep
41:56 Siege Engineers
48:09 Spies/Treason
MoldyShelf59466
0:56 Loom
11:50 Feudal Age
13:10 Wheelbarrow
14:00 Double-Bit Axe
15:42 Horse Collar
23:45 Castle Age
27:20 Hand Cart
28:42 Husbandry
29:35 Heavy Plow
30:25 Bow Saw
31:02 Gold Mining
33:25 Fortified Wall
34:50 Masonry
35:20 Fishing Lines
37:29 Scale Barding Armor
38:28 Caravan
39:56 Gold Shaft Mining
42:20 Imperial Age
41:50 Chain Barding Armor
41:41 Forging
42:47 Tusk Swords
43:13 Stone Mining
44:02 Hoardings
43:50 Ballistics
45:18 Crop Rotation
45:46 Double Crossbow
46:59 Crossbowman
48:06 Parthian Tactics
48:22 Stone Shaft Mining
48:44 Elite Skirmisher
George Bush
0:51 Loom
1:51 Wheelbarrow
12:29 Fishing Lines
12:49 Double-Bit Axe
15:47 Feudal Age
wfcwilly
2:15 Loom
10:24 Feudal Age
11:13 Horse Collar
17:05 Wheelbarrow
24:26 Gold Mining
25:57 Scale Mail Armor
29:16 Man-at-Arms
33:04 Padded Archer Armor
41:44 Castle Age
41:26 Fletching
41:53 Forging
43:24 Heavy Plow
43:13 Double-Bit Axe
44:07 Gold Shaft Mining
43:23 Stone Mining
45:47 Chain Mail Armor
45:48 Leather Archer Armor
45:39 Long Swordsman
49:06 Bodkin Arrow
49:48 Iron Casting
Wolffighter2
2:43 Loom
5:46 Fishing Lines
10:13 Double-Bit Axe
12:23 Wheelbarrow
14:30 Feudal Age
13:04 Horse Collar
16:18 Gillnets
16:00 Man-at-Arms
17:35 Arson
25:12 Heavy Plow
28:38 Castle Age
26:55 Hand Cart
26:25 Town Watch
29:28 Cavalier
30:12 Husbandry
29:34 Light Cavalry
31:21 Crop Rotation
30:31 Crossbowman
joelaoe09
10:41 Feudal Age
16:31 Double-Bit Axe
18:03 Padded Archer Armor
20:13 Fletching
24:04 Castle Age
27:02 Crossbowman
30:24 Bodkin Arrow
30:44 Leather Archer Armor
30:58 Heated Shot
32:29 Ballistics
36:59 Pikeman
43:24 Imperial Age
43:59 Arbalester
Raql501
13:14 Feudal Age
16:41 Double-Bit Axe
22:53 Castle Age
22:37 Fishing Lines
26:12 Bow Saw
27:12 Wheelbarrow
27:41 Gold Mining
27:56 Stone Mining
29:33 Horse Collar
32:27 Husbandry
32:37 Bloodlines
33:15 Scale Barding Armor
33:25 Gillnets
34:17 Forging
Gohan
11:42 Feudal Age
12:59 Wheelbarrow
12:10 Town Watch
12:11 Loom
12:13 Double-Bit Axe
15:18 Fishing Lines
25:16 Castle Age
23:13 Arson
22:49 Man-at-Arms
23:32 Scale Mail Armor
23:37 Scale Barding Armor
23:23 Fletching
23:33 Padded Archer Armor
23:45 Forging
23:28 Gold Mining
23:34 Stone Mining
27:36 Hand Cart
27:26 Town Patrol
27:08 Horse Collar
28:07 Gold Shaft Mining
28:08 Stone Shaft Mining
27:53 Heavy Plow
30:53 Bow Saw
31:22 Stone Shaft Mining
30:46 Gillnets
31:11 Medium Warships
30:43 Pikeman
31:24 Squires
30:46 Crossbowman
30:47 Elite Skirmisher
31:33 Thumb Ring
30:55 Light Cavalry
31:51 Bloodlines
32:09 Husbandry
32:56 Chain Barding Armor
37:20 Imperial Age
37:25 Bodkin Arrow
43:47 Conscription
Connection lost

Rejoining the realm…

Still unreachable

The connection could not be restored.

Session expired

The server has moved on; the page needs a fresh start.